 Dungeon Sprint DCSS version 0.21.0 (webtiles) character file.

276887 wojtek the Shatterer (level 12, 106/125 HPs)
             Began as a Minotaur Berserker on Jan 7, 2018.
             Was a High Priest of Trog.
             Escaped with the Orb!
             The game lasted 00:22:31 (5044 turns).

wojtek the Shatterer (Minotaur Berserker)           Turns: 5044, Time: 00:22:32

Health: 106/125    AC: 15    Str: 30    XL:     12   Next: 67%
Magic:  3/3        EV: 15    Int:  7    God:    Trog [*****.]
Gold:   29         SH:  0    Dex: 10    Spells: 11/11 levels left

rFire    . . .     SeeInvis +   z - +4 dire flail (antimagic)
rCold    . . .     Gourm    .   (shield currently unavailable)
rNeg     . . .     Faith    .   y - +4 plate armour of the Elven Halls {*Corrode Regen+ Int+3 SInv}
rPois    .         Spirit   .   (helmet restricted)
rElec    .         Reflect  .   (no cloak)
rCorr    .         Harm     .   F - +0 pair of gloves of Boredom {Str+3} (curse)
MR       +....     NoTele   +   (no boots)
Stlth    ..........             (no amulet)
HPRegen  0.70/turn              n - +2 ring of slaying
MPRegen  0.08/turn              C - ring of protection from magic

@: corroded, very slightly contaminated, hasted (expiring), very quick
A: retaliatory headbutt, horns 2, low mp 1
0: Orb of Zot
a: Berserk, Trog's Hand, Brothers in Arms, Burn Spellbooks, Renounce Religion


You escaped.
You worshipped Trog.
Trog was extremely pleased with you.
You were not hungry.

You visited 1 branch You collected 3979 gold pieces.
You spent 3950 gold pieces at shops.

Inventory:

Hand Weapons
 a - a +6 antimagic morningstar
 b - a +4 antimagic great mace
 p - a +2 antimagic dire flail
 w - the cursed +1 flail of Wariness {freeze, rF+ MR+ Str-5}
   (You bought it in a shop in the Dungeon)

   It has been specially enchanted to freeze those struck by it, causing extra
   injury to most foes and up to half again as much damage against particularly
   susceptible opponents.
   It can also slow down cold-blooded creatures.
   It affects your strength (-5).
   It protects you from fire.
   It affects your resistance to hostile enchantments.
   It has a curse placed upon it.
 z - a +4 antimagic dire flail (weapon)
 A - a +3 dire flail of draining
Missiles
 q - 2 throwing nets (quivered)
Armour
 k - a +4 scale mail of magic resistance
 m - the +0 scale mail of the Eternal Fruit {rPois rF+ Str+2}
   (You bought it in a shop in the Dungeon)

   It affects your strength (+2).
   It protects you from fire.
   It protects you from poison.
 x - the +5 chain mail of the Mantidfly {Int+3}
   (You bought it in a shop in the Dungeon)

   It affects your intelligence (+3).
 y - the +4 plate armour of the Elven Halls (worn) {*Corrode Regen+ Int+3 SInv}
   (You bought it in a shop in the Dungeon)

   It affects your intelligence (+3).
   It lets you see invisible.
   It increases your rate of regeneration.
   It may corrode you when you take damage.
 F - the cursed +0 pair of gloves of Boredom (worn) {Str+3}
   (You bought it in a shop in the Dungeon)

   It affects your strength (+3).
   It has a curse placed upon it.
Jewellery
 n - a +2 ring of slaying (left hand)
 v - an uncursed ring of ice
 C - a ring of protection from magic (right hand)
Wands
 t - a wand of acid (9)
 u - a wand of paralysis (20)
Scrolls
 c - 3 scrolls of remove curse
 i - 3 scrolls of blinking
 l - 8 scrolls of identify
 o - a scroll of torment {unknown}
 s - 2 scrolls of amnesia {unknown}
 B - 5 scrolls of enchant armour
 E - 2 scrolls of fog
 G - a scroll of enchant weapon
 H - a scroll of fear
Potions
 d - 9 potions of curing
 e - a potion of heal wounds
 f - 2 potions of haste
 g - 2 potions of magic
 h - a potion of berserk rage
 r - a potion of degeneration {unknown}
 D - 2 potions of agility
Comestibles
 j - 4 rations


   Skills:
 + Level 17.3 Fighting
 * Level 22.8 Maces & Flails
 + Level 17.2 Armour
 + Level 16.0 Dodging


You had 11 spell levels left.
You didn't know any spells.

Dungeon Overview and Level Annotations

Branches:
Dungeon (1/1)

Altars:
Cheibriados
Dithmenos
Elyvilon
Fedhas
Gozag
Hepliaklqana
Kikubaaqudgha
Makhleb
Nemelex Xobeh
Okawaru
Qazlal
Ru
Sif Muna
Trog
Uskayaw
Vehumet
Wu Jian
Xom
Yredelemnul
Zin
The Shining One
Jiyva
Lugonu

Shops:
D %[(:!(*(?*:?*?*(([*[*(

Annotations:
D Tiamat


Innate Abilities, Weirdness & Mutations

You reflexively headbutt those who attack you in melee.
You have a pair of horns on your head.
Your magical capacity is low. (-10% MP)


Message History

You see here 5 silver tomahawks.
Your troll rages.
Your troll rages.
There is an open door here.
There is an open door, spattered with blood here.
There is an open door here.
Your troll rages.
Things that are here:
a robe; a scythe
There is an open door here.
You feel much better.
Your extra speed is starting to run out.
There is an open door, spattered with blood here.
You see here a giant club.
You see here a +0 animal skin.
There is an open door here.
Your troll rages.
There is a staircase leading out of the dungeon here.
You can't go down here!
You have escaped!

##################
#@T#..)..#..'..#__
#..'[.#..'[.#..'..
#..#####'#####'#__
#..####..#...#[###
#..#__####..##)#≈§
#..#_____##'#_.'≈§
#⌠⌠#_.∩...'§§._#≈(
####_..__##_.#'##§
#_____###'#(#)§


You could see a friendly troll (berserk).

Vanquished Creatures
  A golden dragon (D)
  4 fire giants (D)
  A lorocyproca (D)
  2 centaur warriors (D)
  A sun demon (D)
  5 unseen horrors (D)
  A deep troll (D)
  A lindwurm (D)
  An oklob plant (D)
  A gargoyle (D)
  4 demonic crawlers (D)
  2 kobold demonologists (D)
  A hornet (D)
  A slime creature (D)
  Sigmund (D)
  2 redbacks (D)
  A yak (D)
  13 hogs (D)
  2 floating eyes (D)
  7 necrophages (D)
  An ogre (D)
  8 jellies (D)
  Ijyb (D)
  4 ballistomycetes (D)
  A ballistomycete spore (D)
67 creatures vanquished.

Vanquished Creatures (collateral kills)
  A shadow dragon (D)
  A hydra (D)
  Sonja (D)
  8 shining eyes (D)
  A rust devil (D)
  5 floating eyes (D)
17 creatures vanquished.

Vanquished Creatures (others)
  A deep elf master archer (D)
  A gargoyle (D)
  A ballistomycete spore (D)
3 creatures vanquished.

Grand Total: 87 creatures vanquished

Notes
Turn   | Place    | Note
-------+----------+-------------------------------------------
     0 | D        | wojtek the Minotaur Berserker began the quest for the Orb.
     0 | D        | Reached XP level 1. HP: 19/19 MP: 0/0
     1 | D        | Noticed Ijyb
    12 | D        | Killed Ijyb
    12 | D        | Reached skill level 5 in Maces & Flails
    12 | D        | Reached XP level 2. HP: 24/28 MP: 1/1
    50 | D        | Noticed an ogre
    54 | D        | Killed an ogre
    54 | D        | Reached skill level 7 in Maces & Flails
    54 | D        | Reached skill level 5 in Armour
    54 | D        | Reached XP level 3. HP: 37/37 MP: 2/2
    54 | D        | Reached XP level 4. HP: 44/44 MP: 3/3
    86 | D        | Noticed Sigmund
    95 | D        | Killed Sigmund
    95 | D        | Reached ** piety under Trog
    95 | D        | Reached skill level 10 in Maces & Flails
    95 | D        | Reached XP level 5. HP: 50/52 MP: 4/4
   109 | D        | Found a burning altar of Makhleb.
   109 | D        | Found a viscous altar of Jiyva.
   109 | D        | Found a shimmering altar of Xom.
   109 | D        | Found a corrupted altar of Lugonu.
   109 | D        | Noticed a slime creature
   116 | D        | Killed a slime creature
   116 | D        | Reached skill level 11 in Maces & Flails
   116 | D        | Reached XP level 6. HP: 62/62 MP: 5/5
   161 | D        | Found an ornate altar of the Wu Jian Council.
   161 | D        | Found a deep blue altar of Sif Muna.
   163 | D        | Found a radiant altar of Vehumet.
   191 | D        | Found Hicerio's Book Emporium.
   191 | D        | Found an ancient bone altar of Kikubaaqudgha.
   191 | D        | Found a hazy altar of Hepliaklqana.
   191 | D        | Found a stormy altar of Qazlal.
   191 | D        | Found a hide-covered altar of Uskayaw.
   191 | D        | Found a blossoming altar of Fedhas.
   191 | D        | Found a bloodstained altar of Trog.
   191 | D        | Found an iron altar of Okawaru.
   191 | D        | Found a basalt altar of Yredelemnul.
   191 | D        | Found a glowing golden altar of the Shining One.
   191 | D        | Found a snail-covered altar of Cheibriados.
   191 | D        | Found a sacrificial altar of Ru.
   191 | D        | Found a glowing silver altar of Zin.
   191 | D        | Found a shadowy altar of Dithmenos.
   191 | D        | Found a white marble altar of Elyvilon.
   191 | D        | Noticed a yak
   199 | D        | Killed a yak
   199 | D        | Reached *** piety under Trog
   199 | D        | Reached skill level 12 in Maces & Flails
   199 | D        | Reached XP level 7. HP: 56/70 MP: 6/6
   200 | D        | Found an opulent altar of Gozag.
   203 | D        | Found a sparkling altar of Nemelex Xobeh.
   262 | D        | Noticed a kobold demonologist
   265 | D        | Noticed a kobold demonologist
   269 | D        | Noticed a neqoxec
   270 | D        | Killed a kobold demonologist
   270 | D        | Reached skill level 10 in Fighting
   270 | D        | Reached skill level 13 in Maces & Flails
   275 | D        | Noticed an orange demon
   275 | D        | Killed a kobold demonologist
   275 | D        | Reached **** piety under Trog
   275 | D        | Received a gift from Trog
   275 | D        | Reached skill level 10 in Armour
   275 | D        | Reached XP level 8. HP: 80/80 MP: 7/7
   320 | D        | Killed a gargoyle
   331 | D        | Noticed a centaur warrior
   335 | D        | Noticed a centaur warrior
   339 | D        | Killed a centaur warrior
   339 | D        | Reached skill level 14 in Maces & Flails
   339 | D        | Reached skill level 10 in Dodging
   358 | D        | Killed a centaur warrior
   358 | D        | Reached skill level 15 in Maces & Flails
   358 | D        | Reached XP level 9. HP: 56/90 MP: 8/8
   554 | D        | Paralysed by a hornet for 1 turns
   705 | D        | Noticed a deep troll
   711 | D        | Killed a deep troll
   711 | D        | Reached skill level 16 in Maces & Flails
   727 | D        | Found Woqy's Armour Emporium.
   949 | D        | Noticed an oklob plant
   961 | D        | HP: 1/136 [acid (11)]
   963 | D        | Killed an oklob plant
   963 | D        | Reached ***** piety under Trog
  1320 | D        | Received a gift from Trog
  1329 | D        | Reached XP level 10. HP: 88/100 MP: 3/9
  1386 | D        | Reached skill level 17 in Maces & Flails
  1394 | D        | Received a gift from Trog
  1452 | D        | Received a gift from Trog
  1489 | D        | Found Kist's Antique Weapon Shoppe.
  1489 | D        | Found Deroapha's General Store.
  1489 | D        | Found Tafa's Magic Scroll Boutique.
  1491 | D        | Found Ikloaj's General Store.
  1491 | D        | Found Katafuba's Book Shop.
  1491 | D        | Found Sanle's Magic Scroll Shoppe.
  1491 | D        | Found Qain's General Store.
  1491 | D        | Found Jocwor's Magic Scroll Emporium.
  1491 | D        | Found Tuovon's General Store.
  1491 | D        | Found Nanamap's Weapon Shoppe.
  1495 | D        | Found Cilalued's Antique Weapon Boutique.
  1496 | D        | Found Inuenlie's Assorted Antiques.
  1496 | D        | Found Xiessoaz's Armour Boutique.
  1497 | D        | Found Ibunin's General Store.
  1512 | D        | Bought the cursed +0 scale mail of the Eternal Fruit {rPois rF+ Str+2} for 327 gold pieces
  1523 | D        | Bought a scroll of remove curse for 33 gold pieces
  1523 | D        | Bought a scroll of identify for 22 gold pieces
  1557 | D        | Noticed Sonja
  1565 | D        | Killed Sonja
  1581 | D        | Found Saujoc's Food Boutique.
  1589 | D        | Bought a ration for 60 gold pieces
  1589 | D        | Bought a ration for 60 gold pieces
  1603 | D        | Noticed a shining eye
  1603 | D        | Noticed a shining eye
  1603 | D        | Noticed a shining eye
  1605 | D        | Gained mutation: Your magical capacity is low. (-10% MP) [a shining eye]
  1606 | D        | Killed a shining eye
  1607 | D        | Paralysed by a floating eye for 2 turns
  1608 | D        | Killed a shining eye
  1611 | D        | Noticed a shining eye
  1611 | D        | Killed a shining eye
  1611 | D        | Reached skill level 18 in Maces & Flails
  1612 | D        | Killed a shining eye
  1613 | D        | Noticed a shining eye
  1613 | D        | Killed a shining eye
  1614 | D        | Noticed a shining eye
  1614 | D        | Killed a shining eye
  1619 | D        | Noticed a shining eye
  1619 | D        | Noticed a shining eye
  1624 | D        | Killed a shining eye
  1630 | D        | Killed a shining eye
  1640 | D        | Found Kemasas's Distillery.
  1640 | D        | Found Peaq's Antique Armour Shoppe.
  1640 | D        | Found Vivogg's Weapon Boutique.
  1640 | D        | Found Gakouro's Weapon Emporium.
  1676 | D        | Bought a ration for 60 gold pieces
  1676 | D        | Bought a ration for 60 gold pieces
  1676 | D        | Bought a ration for 60 gold pieces
  1738 | D        | Reached skill level 19 in Maces & Flails
  1738 | D        | Reached XP level 11. HP: 43/108 MP: 2/8
  1881 | D        | Noticed a lindwurm
  1883 | D        | Killed a lindwurm
  2045 | D        | Killed a deep elf master archer
  2154 | D        | Reached ****** piety under Trog
  2158 | D        | Received a gift from Trog
  2201 | D        | Reached skill level 15 in Fighting
  2222 | D        | Noticed a 12-headed hydra
  2226 | D        | Killed a 13-headed hydra
  2227 | D        | Paralysed by a floating eye for 2 turns
  2227 | D        | Reached skill level 20 in Maces & Flails
  2309 | D        | Noticed a shadow dragon
  2312 | D        | Noticed a golden dragon
  2317 | D        | Killed a shadow dragon
  2317 | D        | Reached skill level 15 in Armour
  2319 | D        | Killed a golden dragon
  2596 | D        | Found Viliseat's Weapon Shoppe.
  2700 | D        | Bought an uncursed ring of ice for 250 gold pieces
  2754 | D        | Bought the cursed +1 flail of Wariness {freeze, rF+ MR+ Str-5} for 208 gold pieces
  2819 | D        | Killed a lorocyproca
  2819 | D        | Reached skill level 21 in Maces & Flails
  3557 | D        | Bought a spiked chain mail for 266 gold pieces
  3567 | D        | Identified the +5 chain mail of the Mantidfly {Int+3} (You bought it in a shop in the Dungeon)
  3614 | D        | Bought the +4 plate armour of the Elven Halls {*Corrode Regen+ Int+3 SInv} for 549 gold pieces
  3661 | D        | Noticed a daeva
  3664 | D        | Noticed an unseen horror
  3664 | D        | Noticed an unseen horror
  3664 | D        | Noticed an unseen horror
  3671 | D        | Killed an unseen horror
  3672 | D        | Killed an unseen horror
  3672 | D        | Received a gift from Trog
  3672 | D        | Reached XP level 12. HP: 72/120 MP: 3/9
  3767 | D        | Reached skill level 15 in Dodging
  3928 | D        | Noticed a fire giant
  3945 | D        | Killed a fire giant
  3945 | D        | Reached skill level 22 in Maces & Flails
  3986 | D        | Noticed a fire giant
  3994 | D        | Killed a fire giant
  3994 | D        | Received a gift from Trog
  4079 | D        | Noticed a fire giant
  4083 | D        | Killed a fire giant
  4096 | D        | Noticed a fire giant
  4387 | D        | Killed a fire giant
  4690 | D        | Bought a potion of haste for 110 gold pieces
  4690 | D        | Bought a scroll of enchant armour for 82 gold pieces
  4690 | D        | Bought an uncursed ring of protection from magic for 275 gold pieces
  4696 | D        | Bought 3 scrolls of blinking for 292 gold pieces
  4748 | D        | Bought a potion of haste for 130 gold pieces
  4748 | D        | Bought a potion of agility for 52 gold pieces
  4748 | D        | Bought a potion of agility for 52 gold pieces
  4748 | D        | Bought a potion of curing for 39 gold pieces
  4748 | D        | Bought a potion of curing for 39 gold pieces
  4800 | D        | Bought a scroll of enchant armour for 97 gold pieces
  4800 | D        | Bought a scroll of identify for 26 gold pieces
  4800 | D        | Bought a scroll of identify for 26 gold pieces
  4800 | D        | Bought a scroll of identify for 26 gold pieces
  4800 | D        | Bought a scroll of identify for 26 gold pieces
  4800 | D        | Bought a scroll of fog for 26 gold pieces
  4800 | D        | Bought a scroll of enchant armour for 97 gold pieces
  4800 | D        | Bought a scroll of fog for 26 gold pieces
  4810 | D        | Bought a scroll of enchant armour for 75 gold pieces
  4810 | D        | Bought a scroll of identify for 20 gold pieces
  4819 | D        | Bought the cursed +0 pair of gloves of Boredom {Str+3} for 162 gold pieces
  4826 | D        | Bought a scroll of enchant weapon for 90 gold pieces
  4827 | D        | Bought a potion of curing for 42 gold pieces
  4827 | D        | Bought a scroll of enchant armour for 105 gold pieces
  4827 | D        | Bought a potion of curing for 42 gold pieces
  4828 | D        | Bought a scroll of fear for 38 gold pieces
  4971 | D        | Got the Orb of Zot
  4972 | D        | Noticed Tiamat
  5044 | D        | Escaped with the Orb!

Skill      XL: |  1  2  3  4  5  6  7  8  9 10 11 12 |
---------------+-------------------------------------+-----
Fighting       | 4 6 7 8 9 10 11 12 14 16 17 | 17.3
Maces & Flails | 5 7 10 11 12 13 15 16 19 21 22 | 22.8
Armour         | 3 5 7 8 10 11 12 14 16 17 | 17.2
Dodging        | 3 4 6 7 8 9 10 11 13 14 16 | 16.0

Action                   |  1- 3 |  4- 6 |  7- 9 | 10-12 || total
-------------------------+-------+-------+-------+-------++-------
Melee: Mace              |    13 |    23 |    63 |       ||    99
       Headbutt          |     1 |     5 |    15 |    43 ||    64
       Great mace        |       |       |     2 |    38 ||    40
       Morningstar       |       |       |       |    86 ||    86
       Dire flail        |       |       |       |    33 ||    33
Invok: Berserk           |     1 |     1 |     4 |     2 ||     8
       Brothers in Arms  |       |       |       |    11 ||    11
  Use: Potion            |       |       |     1 |     2 ||     3
       Scroll            |       |       |       |     3 ||     3
  Eat: Chunk             |       |       |     5 |     7 ||    12
       Ration            |       |       |     1 |     3 ||     4
Armor: Animal skin       |     2 |       |       |       ||     2
       Ring mail         |       |     1 |     7 |     9 ||    17
       Scale mail        |       |       |       |    32 ||    32
       Plate armour      |       |       |       |    17 ||    17
Dodge: Dodged            |     8 |    10 |    29 |    86 ||   133
